 Dungeon Crawl Stone Soup version 0.31-a0-233-g139696dc86 (webtiles) character file.

Game seed: 15969335469948105648

6380 Armakuni the Cleaver (level 10, 0/65 HPs)
             Began as a Human Artificer on July 8, 2023.
             Was a Follower of Ru.
             Hit by a silver boomerang thrown by an orc warrior (2 damage)
             ... on level 9 of the Dungeon.
             The game lasted 00:38:30 (9994 turns).

Armakuni the Cleaver (Human Artificer)              Turns: 9994, Time: 00:38:31

Health: 0/65       AC: 11    Str: 14    XL:     10   Next: 17%
Magic:  10/10      EV: 11    Int: 18    God:    Ru [*.....]
Gold:   304        SH:  5    Dex: 20    Spells: 2/9 levels left

rFire   . . .        a - +5 broad axe (heavy)
rCold   . . .        e - +1 buckler
rNeg    . . .        y - +2 leather armour {Will+}
rPois   .            G - +2 hat
rElec   .            g - +0 cloak
rCorr   .            k - +1 pair of gloves of Relativism {Int+4}
SInv    .            i - +0 pair of boots
Will    +....        (no amulet)
Stlth   ++           W - ring of wizardry
HPRegen 0.30/turn    D - +6 ring of dexterity
MPRegen 0.12/turn

%: wizardry (x1)
@: mighty
A: inexperienced 1
a: Renounce Religion


You were on level 9 of the Dungeon.
You worshipped Ru.
Ru was aware of your devotion.
You visited 2 branches of the dungeon, and saw 10 of its levels.

You collected 748 gold pieces.
You spent 444 gold pieces at shops.

Inventory:

Hand Weapons
 a - a +5 heavy broad axe (weapon)
 b - a +1 trident of venom
Missiles
 h - 64 poisoned darts
 l - 2 silver boomerangs
 n - 6 boomerangs
 z - 6 boomerangs of dispersal
Armour
 e - a +1 buckler (worn)
 g - a +0 cloak (worn)
 i - a +0 pair of boots (worn)
 k - the +1 pair of gloves of Relativism (worn) {Int+4}
   (You acquired it on level 2 of the Dungeon)

   Int:       It affects your intelligence (+4).
 y - a +2 leather armour of willpower (worn)
 G - a +2 hat (worn)
Magical Staves
 x - a staff of death
Jewellery
 D - a +6 ring of dexterity (right hand)
 F - a ring of protection from fire
 K - a ring of resist corrosion
 P - a ring of magical power
 W - a ring of wizardry (left hand)
Wands
 p - a wand of polymorph (6)
Scrolls
 d - a scroll of noise
 o - a scroll of amnesia
 r - a scroll of vulnerability
 w - 5 scrolls of fog
 B - 2 scrolls of immolation
 H - a scroll of enchant armour
 X - a scroll of brand weapon
Potions
 m - 2 potions of resistance
 q - a potion of berserk rage {unknown}
 s - a potion of mutation {unknown}
 u - 2 potions of might
 A - 2 potions of lignification {unknown}
 C - 3 potions of brilliance {unknown}
 I - 2 potions of cancellation {unknown}


   Skills:
 - Level 1.0 Fighting
 + Level 11.0 Axes
 - Level 5.0 Staves
 - Level 2.0 Armour
 - Level 1.0 Dodging
 - Level 1.0 Stealth
 - Level 10.0 Necromancy
 - Level 5.0 Evocations


You had 2 spell levels left.
You knew the following spells:

 Your Spells              Type           Power      Damage    Failure   Level
d - Dispel Undead         Necr           36%        3d15      2%          4
r - Cigotuvi's Dreadful   Necr/Pois/Air  22%        N/A       6%          2
z - Freeze                Ice            0%         1d3       16%         1

Your spell library contained the following spells:

 Spells                   Type           Power      Damage    Failure   Level
 Apportation              Tloc           0%         N/A       16%         1
 Foxfire                  Conj/Fire      0%         2x1d4     16%         1
 Sandblast                Erth           0%         2d4       16%         1
 Passwall                 Tmut/Erth      0%         N/A       22%         2
 Death Channel            Necr           18%        N/A       34%         6
 Frozen Ramparts          Ice            0%         1d1       41%         3
 Hailstorm                Conj/Ice       0%         3d3       41%         3
 Ozocubu's Armour         Ice            0%         N/A       41%         3
 Stone Arrow              Conj/Erth      0%         3d7       41%         3
 Borgnjor's Vile Clutch   Necr/Erth      9%         N/A       45%         5
 Manifold Assault         Tloc           0%         N/A       80%         4
 Simulacrum               Ice/Necr       9%         N/A       95%         6
 Alistair's Intoxication  Tmut/Pois      0%         N/A       98%         5
 Fireball                 Conj/Fire      0%         3d3       98%         5
 Metabolic Englaciation   Hex/Ice        0%         N/A       98%         5
 Dispersal                Tloc           0%         N/A       100%        6
 Eringya's Noxious Bog    Tmut/Pois      0%         4d6       100%        6
 Plasma Beam              Fire/Air       0%         2x1d10    100%        6
 Starburst                Conj/Fire      0%         6d3       100%        6
 Disjunction              Tloc           0%         N/A       100%        8


Dungeon Overview and Level Annotations

Branches:
Dungeon (9/15)             Temple (1/1) D:7            Lair (0/5) D:8
    Orc: D:9-12

Altars:
Ashenzari
Cheibriados
Dithmenos
Elyvilon
Fedhas
Gozag
Hepliaklqana
Kikubaaqudgha
Makhleb
Nemelex Xobeh
Okawaru
Qazlal
Ru
Sif Muna
Trog
Uskayaw
Vehumet
Wu Jian
Xom
Yredelemnul
Zin
The Shining One

Shops:
D:5 (

Annotations:
D:7 3 runed translucent doors, adozu's ghost, novice DsFi


Innate Abilities, Weirdness & Mutations

You are somewhat inexperienced. (-1 XL)


Message History

The magic dart hits you. You block the orc warrior's attack.
The orc completely misses you.
The orc warrior hits you but does no damage.
The yak barely misses you. The orc attacks as you move away!
The orc hits you with a +3 mace.
You slash the orc!
You kill the orc!
You barely miss the yak.
The yak is almost dead.
The yak gores you! The yak gores you but does no damage.
You block the orc warrior's attack.
You slice the yak!!
You kill the yak!
The orc warrior hits you from afar with a +0 halberd!
* * * LOW HITPOINT WARNING * * *
Your Axes skill increases to level 11!
Okay, then.
Unknown command.
Okay, then.
Unknown command.
Okay, then.
Aiming: Iceblast
Press: ? - help, Shift-Dir - straight line, f - orc warrior
Aim: an orc warrior, wielding a +0 halberd, wearing a +0 chain mail and quivering silver boomerangs The mass of ice explodes!
The iceblast engulfs the orc warrior!
The orc warrior is moderately wounded.
The iceblast engulfs the orc wizard!
The orc wizard is heavily wounded.
The now-empty wand crumbles to dust.
An orc comes into view. It is wielding a +0 club.
Okay, then.
Okay, then.
Unknown command.
Okay, then.
It was a potion of might.
You feel very mighty all of a sudden.
The orc warrior throws a silver boomerang.
The silver boomerang hits you!
* * * LOW HITPOINT WARNING * * *
You die...

#####.......(..#
#####..............#.# ...
... #..........#.# .####.#
#..........#.# #
...##.#######.######.## .#
....................... .>.
....#.#...###.#.####.##....
..........###.#.####).....#
.......##.......@.oo.#
.......##..##.#.###o.#
.......##..##.#.# #..#
........#..##.#.# #†.#
..............#.# #..#
......#.#..#. #.#.....
......#...... .........
......#..... ...#.#..##o
......# .# ## #.#..# o#


You could see an orc warrior, an orc wizard and an orc (wandering).

Vanquished Creatures
  A two-headed ogre (D:9)
  A troll (D:8)
  2 wyverns
  4 yaks (D:9)
  Grum (D:9)
  A steam dragon (D:7)
  3 water moccasins
  4 orc warriors (D:8)
  A sky beast (D:8)
  3 ogres
  2 centaurs
  2 wolves (D:9)
  5 kobold brigands
  Blork the orc (D:5)
  3 gnoll sergeants
  3 bullfrogs
  3 scorpions
  2 wights (D:8)
  6 howler monkeys
  9 orc priests
  11 hounds
  A jelly (D:6)
  6 iguanas
  A sleepcap (D:5)
  12 orc wizards
  11 gnolls
  7 adders
  An ufetubus (D:4)
  A worm (D:2)
  4 dart slugs
  42 orcs
  6 ball pythons
  8 bats
  6 endoplasms
  2 giant cockroaches (D:3)
  3 goblins
  4 hobgoblins
  2 jackals (D:1)
  12 kobolds
  4 quokkas
  5 frilled lizards
  5 rats
211 creatures vanquished.

Vanquished Creatures (collateral kills)
  2 yaks (D:9)
  An ogre (D:8)
  A gnoll sergeant (D:8)
  2 wights (D:8)
  A gnoll bouda (D:8)
  An orc wizard (D:5)
  4 gnolls (D:8)
  3 orcs
  7 kobolds
22 creatures vanquished.

Vanquished Creatures (others)
  An ice beast (D:5)
  A wolf (D:9)
  A phantom (D:6)
  2 hounds (D:8)
5 creatures vanquished.

Grand Total: 238 creatures vanquished

Notes
Turn   | Place    | Note
-------+----------+-------------------------------------------
     0 | D:1      | Armakuni the Human Artificer began the quest for the Orb.
     0 | D:1      | Reached XP level 1. HP: 15/15 MP: 1/1
   411 | D:1      | Reached XP level 2. HP: 19/21 MP: 2/2
   417 | D:1      | Learned a level 1 spell: Freeze
  1070 | D:1      | Reached XP level 3. HP: 26/26 MP: 3/3
  1592 | D:2      | Identified a scroll of acquirement
  1593 | D:2      | Acquired the +1 pair of gloves of Relativism {Int+4}
  1681 | D:2      | Reached XP level 4. HP: 26/32 MP: 4/4
  2023 | D:2      | Identified the +0 leather armour of Summer {Str+3}
  2307 | D:3      | Reached skill level 5 in Evocations
  2326 | D:3      | Reached skill level 1 in Staves
  2326 | D:3      | Reached skill level 1 in Necromancy
  2326 | D:3      | Reached XP level 5. HP: 37/37 MP: 5/5
  3063 | D:4      | Reached XP level 6. HP: 21/43 MP: 6/6
  3597 | D:4      | Found a glowing golden altar of the Shining One.
  3597 | D:4      | Found an opulent altar of Gozag.
  3597 | D:4      | Found a sacrificial altar of Ru.
  3604 | D:4      | Became a worshipper of Ru the Awakened
  3897 | D:5      | Entered Level 5 of the Dungeon
  3897 | D:5      | Noticed a water moccasin
  3901 | D:5      | Killed a water moccasin
  3927 | D:5      | Reached XP level 7. HP: 40/48 MP: 7/7
  4053 | D:5      | Learned a level 2 spell: Cigotuvi's Dreadful Rot
  4374 | D:5      | Found Solemimar's Weapon Shop.
  4430 | D:5      | Noticed Blork the orc
  4439 | D:5      | Killed Blork the orc
  4496 | D:5      | Noticed a water moccasin
  4504 | D:5      | Killed a water moccasin
  4505 | D:5      | Reached skill level 5 in Staves
  4505 | D:5      | Reached skill level 5 in Necromancy
  4505 | D:5      | Reached XP level 8. HP: 48/54 MP: 3/8
  4961 | D:5      | Bought a +5 heavy broad axe for 444 gold pieces
  5092 | D:6      | Reached skill level 1 in Axes
  5167 | D:6      | Learned a level 4 spell: Dispel Undead
  5197 | D:6      | Reached skill level 2 in Axes
  5485 | D:6      | Found a white marble altar of Elyvilon.
  5485 | D:6      | Found an iron altar of Okawaru.
  6001 | D:6      | Reached skill level 3 in Axes
  6114 | D:7      | Found a runed translucent gate.
  6115 | D:7      | Found a runed translucent gate.
  6116 | D:7      | Found a runed translucent gate.
  6161 | D:7      | Reached XP level 9. HP: 59/59 MP: 9/9
  6196 | D:7      | Noticed adozu's ghost (novice DsFi)
  6275 | D:7      | Found a staircase to the Ecumenical Temple.
  6279 | Temple   | Entered the Ecumenical Temple
  6604 | D:7      | Reached skill level 4 in Axes
  7329 | D:8      | Reached skill level 5 in Axes
  7779 | D:8      | Found a staircase to the Lair.
  7793 | D:8      | Reached skill level 6 in Axes
  7888 | D:8      | Gained mutation: You are somewhat inexperienced. (-1 XL)
                  | [Ru sacrifice]
  7888 | D:8      | Reached XP level 8. HP: 54/54 MP: 8/8
  7888 | D:8      | Reached * piety under Ru
  8001 | D:8      | Reached XP level 9. HP: 43/59 MP: 9/9
  8137 | D:8      | Reached skill level 7 in Axes
  8826 | D:8      | Reached skill level 8 in Axes
  8826 | D:8      | Reached skill level 10 in Necromancy
  8836 | D:8      | HP: 2/59 [orc/+0 hand axe (2)]
  9263 | D:9      | Found a stormy altar of Qazlal.
  9291 | D:9      | Reached skill level 9 in Axes
  9483 | D:9      | Noticed Grum
  9496 | D:9      | Killed Grum
  9966 | D:9      | Noticed a two-headed ogre
  9974 | D:9      | Killed a two-headed ogre
  9975 | D:9      | Reached skill level 10 in Axes
  9975 | D:9      | Reached XP level 10. HP: 65/65 MP: 10/10
  9992 | D:9      | Reached skill level 11 in Axes
  9994 | D:9      | HP: 2/65 [orc warrior/silver boomerang (10)]
  9994 | D:9      | Hit by a silver boomerang thrown by an orc warrior

Illustrated notes

Levels and vault maps discovered:
D:1:      dpeg_arrival_water_fire, layout_basic, hangedman_decor_points
D:2:      layout_loops_cross
D:3:      layout_basic, serial_park_tiny_1
D:4:      layout_loops_cross, gammafunk_temple_overflow_claw,
          kennysheep_generic_room_15
D:5:      layout_loops_cross, serial_shops, shop, uniq_blork_the_orc
D:6:      layout_basic, chequers_temple_overflow_statue_of_worship
D:7:      layout_basic, minmay_temple_entry_glassed_door, gammafunk_ghost_split,
          st_stairs_7, dk_vineyard_3, item_on_display_a
D:8:      lemuel_castle_with_subvaults [lemuel_castle_interior_carwin_3],
          layout_basic, lair_entry_dummy, serial_bayou_pond_e
D:9:      layout_basic, nicolae_qazlal_style_of_elements, roderic_batcave,
          uniq_grum
Temple:   eino_temple_scatter_basement

Skill      XL: |  1  2  3  4  5  6  7  8  9 10 |
---------------+-------------------------------+-----
Evocations     | 4 5 |  5.0
Staves         | 1 2 3 5 |  5.0
Necromancy     | 1 2 3 5 6 10 | 10.0
Axes           | 3 10 11 | 11.0
Fighting       | |  1.0
Armour         | |  2.0
Dodging        | |  1.0
Stealth        | |  1.0

Action                     |  1- 3 |  4- 6 |  7- 9 | 10-12 || total
---------------------------+-------+-------+-------+-------++-------
  Melee: Club              |    52 |       |       |       ||    52
         Punch             |     2 |       |       |       ||     2
         Mace              |    44 |    39 |       |       ||    83
         Flail             |       |    49 |       |       ||    49
         Morningstar       |       |    20 |       |       ||    20
         Short sword       |       |    60 |   300 |       ||   360
         Broad axe         |       |       |    99 |     8 ||   107
         Staff             |       |       |    23 |       ||    23
         Unarmed           |       |       |     2 |       ||     2
  Throw: Dart              |    11 |    18 |     9 |       ||    38
   Cast: Cigotuvi's Dreadf |       |       |     2 |       ||     2
 Invoke: Sacrifice Experie |       |       |     1 |       ||     1
         Reject Sacrifices |       |       |     1 |       ||     1
  Evoke: Wand              |     2 |     7 |    55 |     1 ||    65
    Use: Scroll            |     6 |     3 |    12 |       ||    21
         Potion            |       |       |     7 |     1 ||     8
   Stab: Sleeping          |       |       |     2 |       ||     2
         Distracted        |       |       |     5 |       ||     5
         Betrayed ally     |       |       |     2 |       ||     2
 Armour: Leather armour    |     7 |       |   179 |     4 ||   190
         Ring mail         |    37 |    77 |    35 |       ||   149
  Dodge: Dodged            |    59 |    86 |   206 |     8 ||   359
  Block: Buckler           |     9 |    27 |   110 |     4 ||   150

Table legend: (Time is in decaauts)
 A = Elapsed time spent in this place.
 B = Non-inter-level travel time spent in this place.
 C = Inter-level travel time spent in this place.
 D = Time resting spent in this place.
 E = Time spent auto-exploring this place.
 F = Levels seen in this place.
 G = Mean time per level.
                   A        B        C        D        E       F      G
               +--------+--------+--------+--------+--------+-----+--------+
         Total |  10174 |   9816 |    358 |   1452 |   5834 |  10 | 1017.4 |
       Dungeon |   9986 |   9645 |    341 |   1452 |   5679 |   9 | 1109.6 |
        Temple |    187 |    170 |     17 |      0 |    155 |   1 |  187.0 |
               +--------+--------+--------+--------+--------+-----+--------+

Top non-repeatable levels by time:
     D:8: 2190 daAuts
     D:1: 1328 daAuts
     D:5: 1180 daAuts
     D:6: 1039 daAuts
     D:4: 1036 daAuts
     D:7: 951 daAuts
     D:2: 844 daAuts
     D:3: 772 daAuts
     D:9: 643 daAuts
  Temple: 187 daAuts
